[Event "Team 45 45 League T53"]
[Site "Internet Chess Club"]
[Date "2012.05.29"]
[Round "2"]
[White "CamNewton"]
[Black "steadman"]
[Result "1-0"]
[WhiteElo "2198"]
[BlackElo "2186"]
[Opening "French defense, Steiner variation"]
[ECO "C00"]
[Time "21:02:28"]
[TimeControl "2700+45"]

1. e4 e6 2. c4 d5 3. e5 d4 4. f4 Nc6 5. a3 a5 6. d3 Nh6 7. Nf3 Nf5 8. Qe2 Be7 9.
g3 Rb8 10. Nbd2 Ne3 11. Ne4 Nxf1 12. Rxf1 b5 13. c5 Qd5 14. Bd2 Bxc5 15. Nfg5
Be7 16. Qh5 Bxg5 17. Nxg5 Qd7 18. f5 exf5 19. e6 Qe7 20. Kf2 Bxe6 21. Nxe6 g6
22. Qf3 Ne5 23. Rfe1 Nxf3 24. Nxc7+ Kd7 25. Rxe7+ Kxe7 26. Kxf3 Kd7 27. Bxa5
Rhc8 28. Nd5 Rc2 29. Re1 Rxb2 30. Re7+ Kc6 31. Nb4+ Kd6 32. Rxf7 Ra8 33. Rf6+
Kd7 34. Nc6 Rb3 35. Ne5+ Ke7 36. Rb6 Kf8 37. Bb4+ Kg7 38. Rb7+ Kf6 39. Nd7+ Kg5
40. Be7+ Kh6 41. h4 Rxd3+ 42. Kf4 Kh5 43. Nf6+ Kh6 44. Bf8+ Rxf8 45. Rxh7#
{Black checkmated} 1-0

[Event "Team 45 45 League T53"]
[Site "Internet Chess Club"]
[Date "2012.05.27"]
[Round "2"]
[White "Reeza"]
[Black "jorobo"]
[Result "1-0"]
[WhiteElo "1922"]
[BlackElo "1972"]
[Opening "Giuoco Pianissimo: Canal variation"]
[ECO "C55"]
[Time "10:00:34"]
[TimeControl "2700+45"]

1. e4 e5 2. Nf3 Nc6 3. Bc4 Nf6 4. d3 Bc5 5. Nc3 d6 6. Bg5 h6 7. Bxf6 Qxf6 8. Nd5
Qd8 9. c3 a6 10. d4 Ba7 11. dxe5 dxe5 12. Qe2 Be6 13. Rd1 Qb8 14. Nb4 Bxc4 15.
Qxc4 Nxb4 16. Nxe5 Nc2+ 17. Kd2 O-O 18. Kxc2 b5 19. Qd5 Qe8 20. Nd7 Rd8 21. Qf5
{Black resigns} 1-0

[Event "Team 45 45 League T53"]
[Site "Internet Chess Club"]
[Date "2012.05.27"]
[Round "2"]
[White "azbycx"]
[Black "IceBox"]
[Result "0-1"]
[WhiteElo "1853"]
[BlackElo "1855"]
[Opening "Queen's pawn game"]
[ECO "E06"]
[Time "08:00:52"]
[TimeControl "2700+45"]

1. d4 d5 2. Nf3 e6 3. g3 Be7 4. Bg2 Nf6 5. O-O O-O 6. c4 dxc4 7. Qa4 a6 8. Qxc4
b5 9. Qc2 Bb7 10. Nbd2 Nbd7 11. Rd1 c5 12. dxc5 Bxc5 13. Nb3 Bb6 14. Bg5 Rc8 15.
Qd2 Bxf2+ 16. Kh1 h6 17. Bh4 Bb6 18. g4 Rc4 19. g5 Bxf3 20. gxf6 Bxg2+ 21. Kxg2
Rxh4 22. fxg7 Rg4+ 23. Kf3 Ne5# {White checkmated} 0-1

[Event "Team 45 45 League T53"]
[Site "Internet Chess Club"]
[Date "2012.05.26"]
[Round "2"]
[White "frank001"]
[Black "Tamarin"]
[Result "0-1"]
[WhiteElo "1754"]
[BlackElo "1893"]
[Opening "English: symmetrical, Botvinnik system reversed"]
[ECO "A37"]
[Time "02:01:06"]
[TimeControl "2700+45"]

1. c4 c5 2. g3 g6 3. Bg2 Bg7 4. Nf3 Nc6 5. Nc3 e5 6. O-O Nge7 7. a3 d6 8. Rb1 a5
9. Ne1 Be6 10. d3 O-O 11. Nc2 d5 12. cxd5 Nxd5 13. Ne4 Qe7 14. Ne3 Nxe3 15. Bxe3
Nd4 16. Rc1 Rac8 17. Re1 Rfd8 18. Bg5 f6 19. Bd2 Bb3 {White resigns} 0-1

[Event "Team 45 45 League T53"]
[Site "Internet Chess Club"]
[Date "2012.05.27"]
[Round "2"]
[White "BirchRun"]
[Black "Bonneville"]
[Result "0-1"]
[WhiteElo "1476"]
[BlackElo "1945"]
[Opening "Caro-Kann defense"]
[ECO "B10"]
[Time "08:07:05"]
[TimeControl "2700+45"]

1. e4 c6 2. Qh5 Nf6 3. Qh4 d5 4. e5 Nfd7 5. d4 c5 6. c3 Qa5 7. Nd2 e6 8. Bd3
cxd4 9. cxd4 Nc6 10. Ne2 Nb4 11. Bb1 Be7 12. Qg3 g6 13. O-O O-O 14. Nf3 b5 15.
Bh6 Re8 16. Qh3 Bb7 17. Ng5 Qb6 18. Qf3 f6 19. Nxh7 Kxh7 20. Qh5 f5 21. Qh3 Rh8
22. Nf4 Nc6 23. Nxe6 Kg8 24. Bxf5 gxf5 25. Qh5 Ncxe5 {White resigns} 0-1

[Event "Team 45 45 League T53"]
[Site "Internet Chess Club"]
[Date "2012.05.28"]
[Round "2"]
[White "kerabanaga"]
[Black "Nimbus"]
[Result "0-1"]
[WhiteElo "1853"]
[BlackElo "1803"]
[Opening "Queen's Indian: old main line, 7.Nc3"]
[ECO "E18"]
[Time "14:00:28"]
[TimeControl "2700+45"]

1. d4 Nf6 2. c4 e6 3. Nf3 b6 4. g3 Bb7 5. Bg2 Be7 6. Nc3 O-O 7. O-O d5 8. b3 c5
9. e3 cxd4 10. exd4 Nc6 11. cxd5 exd5 12. Bb2 Rc8 13. Rc1 Re8 14. Re1 a6 15. Ne5
Bb4 16. Nxc6 Bxc6 17. Rxe8+ Qxe8 18. a3 Bd6 19. Qd3 Bb7 20. b4 Qe7 21. Qd2 a5
22. Re1 Qf8 23. Nb5 axb4 24. Nxd6 Qxd6 25. axb4 Ba6 26. Ra1 Bc4 27. Ra7 Re8 28.
Bf1 Ne4 29. Qe1 Bxf1 30. Kxf1 Nxg3+ 31. hxg3 Rxe1+ 32. Kxe1 Qxb4+ {White
resigns} 0-1

[Event "Team 45 45 League T53"]
[Site "Internet Chess Club"]
[Date "2012.05.27"]
[Round "2"]
[White "KoalieAwe"]
[Black "alexdb"]
[Result "0-1"]
[WhiteElo "1773"]
[BlackElo "1898"]
[Opening "Nimzo-Indian: Sämisch variation"]
[ECO "E24"]
[Time "13:25:35"]
[TimeControl "2700+45"]

1. d4 Nf6 2. c4 e6 3. Nc3 Bb4 4. a3 Bxc3+ 5. bxc3 d5 6. Nf3 c5 7. Bg5 h6 8. Bh4
g5 9. Bg3 Ne4 10. Be5 O-O 11. Qc2 Nc6 12. Bg3 Qa5 13. Nd2 cxd4 14. Nxe4 dxe4 15.
Bd6 Rd8 16. Bb4 Nxb4 17. cxb4 Qe5 18. Rc1 d3 {White resigns} 0-1

[Event "Team 45 45 League T53"]
[Site "Internet Chess Club"]
[Date "2012.05.23"]
[Round "2"]
[White "infiniteshug"]
[Black "az2112"]
[Result "1-0"]
[WhiteElo "1936"]
[BlackElo "1684"]
[Opening "Sicilian: Grand Prix attack"]
[ECO "B23"]
[Time "20:27:16"]
[TimeControl "2700+45"]

1. e4 c5 2. Nc3 Nc6 3. f4 d6 4. Nf3 e6 5. Bb5 Bd7 6. O-O Be7 7. d3 a6 8. Bxc6
Bxc6 9. Qe1 Nf6 10. Qg3 O-O 11. f5 Kh8 12. Qh3 exf5 13. Ng5 h6 14. Nd5 Nxd5 15.
exd5 Bxg5 16. Bxg5 Qxg5 17. dxc6 bxc6 18. Rxf5 Qg6 19. Raf1 d5 20. Qe3 Qd6 21.
Rxf7 Rxf7 22. Rxf7 Rf8 23. Rxf8+ Qxf8 24. Qe6 Qb8 25. b3 Qb6 26. Kf1 a5 27. a4
Qc7 28. g3 Qb6 29. Qc8+ Kh7 30. Qe6 Kh8 31. Ke2 Qb7 32. Qd6 Qb6 33. Kf3 Kg8 34.
Kf4 c4 35. Qe6+ Kh8 36. Kf5 Kh7 37. dxc4 Qf2+ 38. Kg4 Qd4+ 39. Kh3 dxc4 40. Qf5+
Kh8 41. Qxa5 cxb3 42. cxb3 Qd7+ 43. Kg2 Qb7 44. Qd8+ Kh7 45. Qd3+ Kh8 46. Qc4
c5+ 47. Kg1 Qb6 48. h4 Qd6 49. Kh2 h5 50. Qe2 Qd5 51. a5 Qxb3 52. Qxh5+ Kg8 53.
Qxc5 Qa2+ 54. Kg1 Qa1+ 55. Kf2 Qb2+ 56. Kf3 Qf6+ 57. Kg2 Qb2+ 58. Kh3 Qe2 59.
Qc8+ Kh7 60. a6 {Black resigns} 1-0

[Event "Team 45 45 League T53"]
[Site "Internet Chess Club"]
[Date "2012.05.28"]
[Round "2"]
[White "Schack"]
[Black "latayvia"]
[Result "1-0"]
[WhiteElo "1709"]
[BlackElo "1700"]
[Opening "King's Indian: orthodox, Aronin-Taimanov, 9.Ne1"]
[ECO "E98"]
[Time "12:00:20"]
[TimeControl "2700+45"]

1. d4 Nf6 2. c4 g6 3. Nc3 Bg7 4. e4 d6 5. Nf3 O-O 6. Be2 e5 7. O-O Nc6 8. d5 Ne7
9. Ne1 Ne8 10. Nd3 f5 11. f4 fxe4 12. Nxe4 exf4 13. Nxf4 Be5 14. Ne6 Rxf1+ 15.
Qxf1 Bxe6 16. dxe6 Ng7 17. Qf7+ Kh8 18. Bg5 Qg8 19. Bxe7 Nxe6 20. Bf6+ Bxf6 21.
Qxf6+ Ng7 22. Rf1 Qf8 23. Qxf8+ Rxf8 24. Rxf8# {Black checkmated} 1-0

[Event "Team 45 45 League T53"]
[Site "Internet Chess Club"]
[Date "2012.05.28"]
[Round "2"]
[White "koni"]
[Black "Skwerly"]
[Result "0-1"]
[WhiteElo "1916"]
[BlackElo "1883"]
[Opening "Alekhine's defense: Maróczy variation"]
[ECO "B02"]
[Time "12:00:57"]
[TimeControl "2700+45"]

1. e4 Nf6 2. d3 d5 3. Nd2 e5 4. g3 Bc5 5. Bg2 c6 6. Ngf3 Bg4 7. O-O Nbd7 8. c3
a5 9. Qc2 O-O 10. h3 Bh5 11. Nh4 Re8 12. Nf5 Bb6 13. Nf3 Nc5 14. g4 Bg6 15. N3h4
dxe4 16. dxe4 Qd3 17. Qxd3 Nxd3 18. Nxg6 hxg6 19. Nd6 Red8 20. Nc4 Bc5 21. Bf3
b5 22. Ne3 Bxe3 23. fxe3 a4 24. Rb1 Rd6 25. Rd1 Rad8 26. Bd2 Nc5 27. Be1 Rxd1
28. Rxd1 Rxd1 29. Bxd1 Nd3 30. Bg3 Nxb2 31. Bc2 Nc4 32. Kf2 Nd7 33. Ke2 f6 34.
Bd3 Nd6 35. Bc2 Kf7 36. Kf3 c5 37. Be1 Ke7 38. Bd2 Nc4 39. Bc1 Ndb6 40. h4 b4
41. h5 Na5 42. cxb4 cxb4 43. Bd2 b3 44. Bxa5 bxc2 45. Bd2 gxh5 46. gxh5 Nc4 47.
Bc1 Nd6 48. Ke2 Nxe4 49. Kd3 Ng3 50. Kxc2 Nxh5 51. Kc3 Ke6 52. Kb4 g5 53. Bd2 g4
54. Be1 g3 55. Kxa4 g2 56. Bf2 Ng3 57. Kb5 Ne2 58. a4 Kf5 59. a5 Ke4 60. a6 Kf3
61. Bg1 Nxg1 62. a7 Ne2 63. a8=Q+ Kf2 64. Qc6 f5 65. Qg6 Ng3 66. Qf6 g1=Q 67.
Qxe5 Qb1+ 68. Kc5 Qc1+ 69. Kd5 Qxe3 70. Qb2+ Ne2 71. Kc4 f4 72. Kb5 Qd3+ 73. Kb4
Qd4+ {White resigns} 0-1

[Event "Team 45 45 League T53"]
[Site "Internet Chess Club"]
[Date "2012.05.24"]
[Round "2"]
[White "Babbs58"]
[Black "kabindra"]
[Result "0-1"]
[WhiteElo "1555"]
[BlackElo "1818"]
[Opening "Vienna gambit"]
[ECO "C25"]
[Time "18:00:46"]
[TimeControl "2700+45"]

1. e4 e5 2. Nc3 Nc6 3. f4 d6 4. Nf3 Bg4 5. Bb5 exf4 6. Bxc6+ bxc6 7. O-O Nf6 8.
d3 Rb8 9. h3 Bh5 10. b3 Be7 11. Bxf4 O-O 12. Qe1 Bg6 13. Nh4 Nh5 14. Nxg6 fxg6
15. Be3 Rxf1+ 16. Qxf1 Qd7 17. Bxa7 Rf8 18. Qe2 Bf6 19. Qd2 c5 20. d4 Bxd4+ 21.
Kh2 c6 22. Ne2 Bxa1 23. Bxc5 Be5+ 24. Kg1 Qf7 25. Bf2 Qxf2+ 26. Kh1 Qf1+ 27. Ng1
Ng3+ 28. Kh2 Ne2+ 29. Kh1 Qxg1# {White checkmated} 0-1

[Event "Team 45 45 League T53"]
[Site "Internet Chess Club"]
[Date "2012.05.26"]
[Round "2"]
[White "subterfuge"]
[Black "KoalieAwe"]
[Result "1-0"]
[WhiteElo "1723"]
[BlackElo "1784"]
[Opening "QGD Slav: 3.Nf3"]
[ECO "D11"]
[Time "20:01:37"]
[TimeControl "2700+45"]

1. d4 d5 2. c4 c6 3. Nf3 e6 4. Qb3 Qb6 5. Nbd2 g6 6. e4 Qxb3 7. axb3 dxe4 8.
Nxe4 Bg7 9. Nd6+ Kd7 10. Nxf7 Ne7 11. Nxh8 Bxh8 12. g4 Na6 13. Be3 Nb4 14. O-O-O
a5 15. Ne5+ Ke8 16. h4 c5 17. f4 cxd4 18. Bxd4 Nec6 19. Nxc6 {Black resigns} 1-0

[Event "Team 45 45 League T53"]
[Site "Internet Chess Club"]
[Date "2012.05.31"]
[Round "2"]
[White "ice-cream"]
[Black "cys456"]
[Result "1-0"]
[WhiteElo "1728"]
[BlackElo "1725"]
[Opening "Sicilian: Labourdonnais-Löwenthal (Kalashnikov) variation"]
[ECO "B32"]
[Time "17:18:05"]
[TimeControl "2700+45"]

1. e4 c5 2. Nf3 Nc6 3. d4 cxd4 4. Nxd4 e5 5. Nb5 d6 6. N1c3 a6 7. Na3 b5 8. Nd5
Nge7 9. c4 b4 10. Nc2 a5 11. b3 Nxd5 12. cxd5 Ne7 13. a3 bxa3 14. Bxa3 g6 15.
Ne3 Ba6 16. Nc4 Bxc4 17. Bxc4 Qb6 18. Qe2 Rb8 19. O-O Bg7 20. Bc1 O-O 21. Be3
Qd8 22. Bg5 Ra8 23. b4 f6 24. Bd2 axb4 25. Bxb4 Qb6 26. Rab1 Ra4 27. Bb5 Raa8
28. Bd7 Rfd8 29. Be6+ Kh8 30. Rfc1 Ra4 31. Bc5 Qa6 32. Qxa6 Rxa6 33. Bb6 Rb8 34.
Bc7 Rxb1 35. Rxb1 h5 36. h3 Kh7 37. Rb6 Ra1+ 38. Kh2 Bh6 39. Bxd6 Ra7 40. Bxe7
Rxe7 41. d6 Re8 42. Rb7+ Kh8 43. Re7 Rd8 44. d7 {Black resigns} 1-0

[Event "Team 45 45 League T53"]
[Site "Internet Chess Club"]
[Date "2012.05.26"]
[Round "2"]
[White "moomaster"]
[Black "bmw2002"]
[Result "0-1"]
[WhiteElo "1624"]
[BlackElo "1630"]
[Opening "Neo-Grünfeld, 6.O-O c6"]
[ECO "D78"]
[Time "22:08:17"]
[TimeControl "2700+45"]

1. d4 Nf6 2. c4 g6 3. Nf3 Bg7 4. g3 d5 5. Bg2 O-O 6. O-O c6 7. Nbd2 Re8 8. b3
Bf5 9. Bb2 Qd7 10. Re1 Na6 11. Ne5 Qc8 12. h4 Nb4 13. e4 dxe4 14. Nxe4 Rd8 15.
f4 Rb8 16. a3 Na6 17. Nxf6+ Bxf6 18. Qe2 c5 19. d5 Nc7 20. Rad1 b5 21. Nc6 Re8
22. Nxb8 Bg4 23. Qd2 Bxd1 24. Bxf6 exf6 25. Rxe8+ Nxe8 26. Qxd1 Qxb8 27. Qd3
bxc4 28. bxc4 Nd6 29. Qc3 Qb1+ 30. Kf2 Qa2+ 31. Kg1 f5 32. Bf1 Ne4 33. Qe5 Qf2+
34. Kh1 Nxg3# {White checkmated} 0-1

[Event "Team 45 45 League T53"]
[Site "Internet Chess Club"]
[Date "2012.05.29"]
[Round "2"]
[White "bookseller"]
[Black "houseofcook"]
[Result "1/2-1/2"]
[WhiteElo "1643"]
[BlackElo "1532"]
[Opening "French: Steinitz, Boleslavsky variation"]
[ECO "C11"]
[Time "14:01:42"]
[TimeControl "2700+45"]

1. e4 e6 2. d4 d5 3. Nc3 Nf6 4. e5 Nfd7 5. f4 c5 6. Nf3 Nc6 7. Be3 cxd4 8. Nxd4
Bc5 9. Be2 Nxd4 10. Bxd4 a6 11. a4 Qb6 12. a5 Qa7 13. Bxc5 Qxc5 14. Qd2 b5 15.
axb6 Nxb6 16. Na4 Nxa4 17. Rxa4 O-O 18. Bd3 h6 19. Qf2 Qc6 20. Ra5 Qb7 21. c3
Bd7 22. O-O Bb5 23. Bxb5 axb5 24. Rfa1 Rxa5 25. Rxa5 Ra8 26. Rxa8+ Qxa8 27. Qe2
Qa4 28. g3 Qb3 29. f5 b4 30. fxe6 fxe6 31. Qb5 Qxb2 32. cxb4 Qxe5 33. Qe8+ Kh7
34. b5 Qe1+ 35. Kg2 Qe2+ 36. Kh3 Qe3 37. Qd8 d4 38. b6 Qe4 39. Qd7 Qf5+ 40. Kg2
Qe4+ 41. Kh3 Qf5+ 42. Kg2 {Game drawn by mutual agreement} 1/2-1/2

[Event "Team 45 45 League T53"]
[Site "Internet Chess Club"]
[Date "2012.05.24"]
[Round "2"]
[White "MateIn42"]
[Black "Zyme"]
[Result "1/2-1/2"]
[WhiteElo "1370"]
[BlackElo "1293"]
[Opening "French: exchange variation"]
[ECO "C01"]
[Time "21:01:15"]
[TimeControl "2700+45"]

1. e4 e6 2. d4 d5 3. exd5 exd5 4. Nf3 Bg4 5. h3 Bh5 6. Be2 Bd6 7. Nc3 Ne7 8. O-O
O-O 9. Bd2 Nd7 10. Nb5 Nf6 11. Nxd6 Qxd6 12. c4 dxc4 13. Ne5 Bxe2 14. Qxe2 Qxd4
15. Bc3 Qe4 16. Qxc4 Qxc4 17. Nxc4 Nfd5 18. Be5 Rad8 19. Rfe1 Rfe8 20. Rad1 Nc6
21. f4 Nxe5 22. Rxe5 Nxf4 23. Rd7 Ne6 24. Red5 Rxd7 25. Rxd7 Kf8 26. Ne5 Re7 27.
Rd2 Ke8 28. Rc2 c6 29. Kf2 Nf4 30. Nf3 Nd5 31. a3 Kd7 32. Ng5 h6 33. Nf3 Kc7 34.
Nd4 Re4 35. Nb5+ Kb6 36. Nd6 Rf4+ 37. Kg3 Rf6 38. Ne4 Re6 39. Nc5 Rg6+ 40. Kf3
Rg5 41. Ne4 Rf5+ 42. Kg3 g5 43. Nd6 Rf6 44. Rf2 Rxf2 45. Kxf2 f6 46. Nf5 h5 47.
g3 Kc5 48. Ng7 Kc4 49. Nxh5 Kb3 50. h4 gxh4 51. gxh4 Kxb2 52. Ng7 Nf4 53. Kf3
Ng6 54. h5 Nh8 55. Nf5 c5 56. Ne3 b5 57. Nd5 c4 58. Nf4 c3 59. Ke4 c2 60. Kf5
c1=Q 61. Nd3+ Kb1 62. Nxc1 Kxc1 63. Kxf6 a5 64. Kg7 b4 65. axb4 axb4 66. Kxh8 b3
67. Kg7 b2 68. h6 b1=Q 69. h7 Qb7+ 70. Kg8 Qc8+ 71. Kg7 Qd7+ 72. Kg8 {Game drawn
by mutual agreement} 1/2-1/2

[Event "Team 45 45 League T53"]
[Site "Internet Chess Club"]
[Date "2012.06.04"]
[Round "2"]
[White "AlPearson"]
[Black "mattphelps"]
[Result "1-0"]
[WhiteElo "1272"]
[BlackElo "1458"]
[Opening "Nimzo-Indian defense"]
[ECO "E20"]
[Time "19:30:21"]
[TimeControl "2700+45"]

1. d4 Nf6 2. c4 e6 3. Nc3 Bb4 4. Bd2 d5 5. e3 c5 6. Nf3 Nc6 7. a3 Bxc3 8. Bxc3
cxd4 9. Nxd4 Ne4 10. Rc1 Qf6 11. Qf3 Qxf3 12. Nxf3 Nxc3 13. Rxc3 O-O 14. cxd5
exd5 15. Bb5 Bd7 16. Nd4 Rac8 17. Kd2 a6 18. Bxc6 Bxc6 19. Nxc6 Rc7 20. Nd4
{Black resigns} 1-0

[Event "Team 45 45 League T53"]
[Site "Internet Chess Club"]
[Date "2012.05.27"]
[Round "2"]
[White "oldsj"]
[Black "Lee-D"]
[Result "1-0"]
[WhiteElo "1594"]
[BlackElo "1316"]
[Opening "Scandinavian defense"]
[ECO "B01"]
[Time "09:01:28"]
[TimeControl "2700+45"]

1. e4 d5 2. exd5 Qxd5 3. Nc3 Qa5 4. d4 Nf6 5. Nf3 Bf5 6. Bc4 e6 7. O-O c6 8. Bd2
Qc7 9. Re1 Bd6 10. h3 O-O 11. Bg5 Nbd7 12. Ne2 h6 13. Bd2 Rad8 14. c3 c5 15. Bb3
c4 16. Bc2 Bxc2 17. Qxc2 Rfe8 18. Qc1 Ne4 19. Bf4 e5 20. dxe5 Bxe5 21. Nxe5 Nxe5
22. Nd4 Nc5 23. Bxe5 Rxe5 24. Rxe5 Qxe5 25. Nf3 Qe8 26. Qc2 Rd7 27. a4 Re7 28.
Rd1 Nd3 29. Nd2 Re1+ 30. Rxe1 Qxe1+ 31. Nf1 Qe6 32. Ne3 a6 33. a5 Nc5 34. b4 Nd3
35. Qd2 f5 36. Nd1 Qe4 37. f3 Qe5 38. Nb2 Nxb2 39. Qxb2 Qe3+ 40. Kf1 Qd3+ 41.
Ke1 Qe3+ 42. Kf1 Qd3+ 43. Ke1 f4 44. Qd2 Qxd2+ 45. Kxd2 Kf7 46. Ke2 Kf6 47. Kf2
h5 48. g3 fxg3+ 49. Kxg3 g5 50. f4 Kf5 51. fxg5 Kxg5 52. h4+ Kf5 53. Kf3 Ke5 54.
Ke3 Kd5 55. Kf4 Ke6 56. Ke4 Kf6 57. Kf4 Kg6 58. Ke5 Kg7 59. Kf5 Kf7 60. Kg5 Ke6
61. Kxh5 Ke5 62. Kg5 Ke4 63. h5 Kd3 64. h6 Kxc3 65. h7 Kxb4 66. h8=Q Kxa5 67.
Qc3+ Kb5 68. Kf4 Kc5 69. Ke3 b5 70. Kd2 b4 71. Qe5+ Kb6 72. Kc2 a5 73. Qd4+ Kb5
74. Qd5+ Ka4 75. Qxc4 {Black resigns} 1-0

[Event "Team 45 45 League T53"]
[Site "Internet Chess Club"]
[Date "2012.05.29"]
[Round "2"]
[White "milesotoole"]
[Black "eagle"]
[Result "1-0"]
[WhiteElo "1578"]
[BlackElo "1475"]
[Opening "French: Tarrasch, closed variation"]
[ECO "C05"]
[Time "21:36:02"]
[TimeControl "2700+45"]

1. e4 e6 2. d4 d5 3. Nd2 Nf6 4. e5 Nfd7 5. Bd3 c5 6. c3 Nc6 7. Ne2 Be7 8. O-O
O-O 9. f4 b6 10. Nf3 Bb7 11. Qe1 cxd4 12. cxd4 Nb4 13. Bb1 Rc8 14. Qg3 Nc2 15.
Qh3 h6 16. f5 Nxa1 17. fxe6 fxe6 18. Qxe6+ Kh8 19. Bxh6 Rc6 20. Bxg7+ Kxg7 21.
Qg4+ Kh6 22. e6 Rg8 23. Qh3+ Kg7 24. Qh7+ Kf6 25. Ne5+ Kxe6 26. Bf5+ Kf6 27.
Bxd7+ Kg5 28. h4# {Black checkmated} 1-0

[Event "Team 45 45 League T53"]
[Site "Internet Chess Club"]
[Date "2012.05.27"]
[Round "2"]
[White "stanbeers"]
[Black "burnsy"]
[Result "1/2-1/2"]
[WhiteElo "1452"]
[BlackElo "1546"]
[Opening "QGD: Grau (Sahovic) defense"]
[ECO "D06"]
[Time "20:00:33"]
[TimeControl "2700+45"]

1. d4 d5 2. c4 Bf5 3. cxd5 Bxb1 4. Rxb1 Qxd5 5. a3 Nc6 6. Nf3 O-O-O 7. e3 e5 8.
Be2 exd4 9. exd4 Nxd4 10. O-O Nxf3+ 11. Bxf3 Qxd1 12. Rxd1 Rxd1+ 13. Bxd1 Nf6
14. Bf3 Bd6 15. b4 Re8 16. Bg5 Be5 17. g3 h6 18. Bxf6 Bxf6 19. a4 Bc3 20. Kg2
Rd8 21. b5 Rd4 22. Rb3 Ba5 23. Ra3 Rd2 24. Bg4+ Kd8 25. Rf3 f6 26. h4 Rd4 27.
Kh3 Rxa4 28. Rd3+ Ke7 29. Rd7+ Kf8 30. Bh5 Bb6 31. Rf7+ Kg8 32. Bg6 Bc5 33. Rxc7
b6 34. Rc8+ Bf8 35. Rc2 Bc5 36. Be8 g5 37. hxg5 hxg5 38. Bd7 a5 39. bxa6 Rxa6
40. Be6+ Kg7 41. Bd7 Ra1 42. Bf5 Ra7 43. Be4 Bd4 44. Bd3 Rb7 45. Bb5 Re7 46. Kg4
Re4+ 47. Kf3 Re7 48. Bd3 Rb7 49. Bb5 Ra7 50. Kg4 Bc5 51. Bc6 Rc7 52. Bb5 Bd6 53.
Rxc7+ Bxc7 54. Kf5 Kf7 55. g4 Ke7 56. f3 Be5 57. Ke4 Kd6 58. Kd3 Kc5 59. Bc4 Kb4
60. Ba6 b5 61. Kc2 Ka4 62. Kb1 b4 63. Bb7 Kb3 64. Be4 Kc3 65. Ba8 b3 66. Bb7 b2
67. Ba8 Kd3 68. Bb7 Ke3 69. Ba8 Kf4 70. Bb7 {Game drawn by mutual agreement}
1/2-1/2

[Event "Team 45 45 League T53"]
[Site "Internet Chess Club"]
[Date "2012.05.26"]
[Round "2"]
[White "Iowa-Archer"]
[Black "Fogbound"]
[Result "1-0"]
[WhiteElo "1377"]
[BlackElo "1254"]
[Opening "Caro-Kann defense"]
[ECO "B15"]
[Time "14:00:32"]
[TimeControl "2700+45"]

1. e4 c6 2. d4 d5 3. Nc3 e6 4. Nf3 Be7 5. Bd3 h6 6. O-O Nf6 7. Bf4 Nbd7 8. exd5
O-O 9. dxe6 Nb6 10. exf7+ Rxf7 11. Ne5 Rf8 12. Ng6 Re8 13. Nxe7+ Rxe7 14. Bg6
Nbd5 15. Nxd5 Qxd5 16. Re1 Bg4 17. f3 Bxf3 18. Qxf3 Qxf3 19. gxf3 Nd5 20. Rxe7
Nxe7 21. Bd3 Nd5 22. Bc4 Rf8 23. Bg3 Rxf3 24. Rf1 Re3 25. Re1 Rxe1+ 26. Bxe1 Kf8
27. Bxd5 cxd5 28. Kf2 g6 29. Ke3 Kf7 30. b3 Ke6 31. c4 h5 32. Kf4 g5+ 33. Kxg5
b6 34. Kxh5 Kf5 35. h4 Ke4 36. Bc3 dxc4 37. bxc4 Kd3 38. d5 Kxc4 39. d6 {Black
resigns} 1-0

[Event "Team 45 45 League T53"]
[Site "Internet Chess Club"]
[Date "2012.05.25"]
[Round "2"]
[White "DouDou"]
[Black "sdcohle"]
[Result "0-1"]
[WhiteElo "1503"]
[BlackElo "1416"]
[Opening "French: Tarrasch, closed variation"]
[ECO "C05"]
[Time "22:30:43"]
[TimeControl "2700+45"]

1. e4 e6 2. d4 d5 3. Nd2 Nf6 4. e5 Nfd7 5. Ngf3 c5 6. c3 a6 7. Be2 Nc6 8. Nb3
Qb6 9. Be3 c4 10. Nbd2 Qxb2 11. Qc1 Qxc1+ 12. Rxc1 Be7 13. O-O O-O 14. Rfe1 b5
15. Bf4 b4 16. Bd1 bxc3 17. Rxc3 Nb4 18. a3 Nd3 19. Re3 Nxf4 20. Bc2 Nb6 21. Ne1
Bd7 22. Rg3 Ne2+ {White resigns} 0-1

[Event "Team 45 45 League T53"]
[Site "Internet Chess Club"]
[Date "2012.05.26"]
[Round "2"]
[White "smsxman"]
[Black "ilovechess"]
[Result "0-1"]
[WhiteElo "1491"]
[BlackElo "1481"]
[Opening "Four knights game"]
[ECO "C47"]
[Time "13:01:10"]
[TimeControl "2700+45"]

1. e4 e5 2. Nf3 Nc6 3. Nc3 Nf6 4. Be2 Be7 5. O-O d6 6. d4 Bg4 7. d5 Nd4 8. Nxd4
exd4 9. Qxd4 Bxe2 10. Nxe2 O-O 11. Ng3 Qd7 12. b3 Ng4 13. h3 Bf6 14. Qd3 Bxa1
15. hxg4 Qxg4 16. c3 b5 17. Ba3 b4 18. Bxb4 Bb2 19. Qc2 a5 20. Bxd6 cxd6 21.
Qxb2 f5 22. exf5 Rf6 23. Qc2 Rh6 24. Qe4 Qxe4 25. Nxe4 Re8 26. f3 Re5 27. g4
Rxd5 28. g5 Rh5 29. f6 Kf7 30. fxg7 Kxg7 31. Nf6 Rdxg5+ 32. Ng4 Rh4 33. Kg2 Rh6
34. Kf2 Rhg6 35. Re1 h5 36. Ne3 Re5 37. c4 Rge6 38. f4 Re4 39. Kf3 Kf8 40. a4 h4
41. f5 R6e5 42. Re2 h3 43. Re1 h2 44. Kg2 Rxe3 45. Rxe3 Rxe3 46. Kxh2 Rxb3
{White resigns} 0-1

[Event "Team 45 45 League T53"]
[Site "Internet Chess Club"]
[Date "2012.05.28"]
[Round "2"]
[White "browndeer"]
[Black "chicopee-ed"]
[Result "1/2-1/2"]
[WhiteElo "1429"]
[BlackElo "1296"]
[Opening "Ruy Lopez: Cozio defense"]
[ECO "C60"]
[Time "11:01:59"]
[TimeControl "2700+45"]

1. e4 e5 2. Nf3 Nc6 3. Bb5 Nge7 4. O-O g6 5. d3 Bg7 6. Nc3 O-O 7. Bg5 a6 8. Ba4
b5 9. Bb3 Qe8 10. Nd5 Nxd5 11. Bxd5 Bb7 12. a3 Na5 13. Bxb7 Nxb7 14. b4 d6 15.
Qd2 c5 16. Bh6 cxb4 17. axb4 Nd8 18. Bxg7 Kxg7 19. Qe3 Qc6 20. Rfc1 Qc3 21. Rab1
Ne6 22. Rb3 Qc6 23. h3 Qb7 24. Kh2 Rac8 25. c3 Rc6 26. Nd2 Rfc8 27. c4 Qb6 28.
Kh1 Qd4 29. Rbc3 Qxe3 30. fxe3 Nd8 31. Nb1 bxc4 32. Rxc4 Rxc4 33. Rxc4 Rxc4 34.
dxc4 Nc6 35. b5 axb5 36. cxb5 Na5 37. Kg1 Kf6 38. Kf2 Kg5 39. g3 h5 40. Ke2 f5
41. Nc3 h4 42. exf5 gxf5 43. gxh4+ Kxh4 44. Nd5 Kxh3 45. Nf6 Kg3 46. Ne8 f4 47.
exf4 exf4 48. Nxd6 Kg2 49. Ne4 f3+ 50. Ke1 Nb7 51. Nf2 Kg1 52. Nh3+ Kg2 53. Nf2
Nc5 54. b6 Nd7 55. b7 Nb8 56. Nh1 Kxh1 57. Kf2 Kh2 58. Kxf3 Kh3 59. Kf4 Kh4 60.
Ke5 Kg5 61. Kd6 Kf6 62. Kc7 Na6+ 63. Kc8 Ke7 {Game drawn by mutual agreement}
1/2-1/2

[Event "Team 45 45 League T53"]
[Site "Internet Chess Club"]
[Date "2012.05.26"]
[Round "2"]
[White "Just-Jim"]
[Black "almond123"]
[Result "0-1"]
[WhiteElo "1296"]
[BlackElo "1442"]
[Opening "KP: Indian opening"]
[ECO "C20"]
[Time "11:01:14"]
[TimeControl "2700+45"]

1. e4 e5 2. d3 Nc6 3. Be2 Nf6 4. f4 Be7 5. f5 d5 6. Bf3 dxe4 7. Bxe4 Nxe4 8.
dxe4 Qxd1+ 9. Kxd1 O-O 10. a3 Bd7 11. Nf3 Rfd8 12. Bd2 Bf6 13. Ke2 Nd4+ 14. Nxd4
exd4 15. Kf2 Re8 16. Kf3 Bc6 17. Re1 Rad8 18. Bf4 Be5 19. Bxe5 Rxe5 20. Nd2
Rxf5+ 21. Kg3 Re5 22. a4 Rde8 23. Kf4 g5+ 24. Kf3 f5 25. Nc4 Rxe4 26. Kf2 Rxe1
27. Rxe1 Rxe1 28. Kxe1 Bxa4 29. b3 Bb5 30. Ne5 Kg7 31. Nf3 c5 32. Nxg5 Kg6 33.
Ne6 b6 34. Nf4+ Kf6 35. Nd5+ Ke5 36. c4 Bc6 37. Ne7 Bxg2 38. h4 Bb7 39. Ng8 f4
40. Nh6 Bc8 41. Nf7+ Ke6 42. Ng5+ Ke5 43. Nxh7 Ke4 44. Ng5+ Ke3 45. h5 d3 46. h6
d2+ 47. Kd1 Bg4+ 48. Kc2 d1=Q+ 49. Kb2 Bf5 50. h7 Qb1+ 51. Kc3 Qc2# {White
checkmated} 0-1